 Dungeon Crawl Stone Soup version 0.16-a0-3843-ged98c6c (console) character file.

13 carlseen the Digger (level 2, 8/13 HPs)
             Began as a Spriggan Earth Elementalist on Jan 30, 2015.
             Quit the game on level 1 of the Dungeon.
             The game lasted 00:06:31 (664 turns).

carlseen the Digger (Spriggan Earth Elementalist)    Turns: 664, Time: 00:06:31

Health: 8/13       AC:  2    Str:  4    XL:     2   Next: 24%
Magic:  3/7        EV: 18    Int: 16    God:
Gold:   22         SH:  0    Dex: 16    Spells: 1 memorised, 5 levels left

rFire  . . .     SeeInvis +     (no weapon)
rCold  . . .     Clarity  .     c - +0 robe
rNeg   . . .     SustAb   .     (shield restricted)
rPois  .         Gourm    .     (helmet restricted)
rElec  .         Spirit   .     (no cloak)
rCorr  .         Warding  .     (gloves unavailable)
rMut   .         Stasis   .     (boots unavailable)
MR     .....                    (no amulet)
Stlth  +++.......               (no ring)
                                (no ring)

@: very quick, not resistant to hostile enchantments, fairly stealthy
A: unfitting armour, see invisible, herbivore 3, speed 3, slow metabolism 2
a: no special abilities


You were on level 1 of the Dungeon.
You were not hungry.

You visited 1 branch of the dungeon, and saw 1 of its levels.

You collected 22 gold pieces.

Inventory:

Missiles
 b - 61 stones (quivered)
Armour
 c - a +0 robe (worn)
Scrolls
 g - a scroll of recharging {unknown}
 h - a scroll of remove curse {unknown}
Potions
 e - 2 potions of agility {unknown}
Books
 d - a book of Geomancy

   Spells                             Type                      Level
   a - Sandblast                      Earth                        1
   b - Stoneskin                      Transmutation/Earth          2
   c - Passwall                       Transmutation/Earth          3
   d - Stone Arrow                    Conjuration/Earth            3
   e - Petrify                        Transmutation/Earth          4
   f - Lee's Rapid Deconstruction     Earth                        5
Comestibles
 a - a bread ration
 f - a slice of pizza
 i - 3 fruits


   Skills:
 + Level 0.1 Fighting
 + Level 3.0 Dodging
 + Level 3.1 Stealth
 + Level 0.2 Unarmed Combat
 + Level 2.8 Spellcasting
   Level 1.3 Transmutations
 + Level 3.1 Earth Magic


You had 5 spell levels left.
You knew the following spells:

 Your Spells              Type           Power        Failure   Level  Hunger
a - Sandblast             Erth           ##....       8%          1    #......


Dungeon Overview and Level Annotations

Branches:
Dungeon (1/15)

Altars:


Innate Abilities, Weirdness & Mutations

You are tiny and cannot use many weapons and most armour.
You have supernaturally acute eyesight.
You are a herbivore.
You cover ground extremely quickly.
You need consume almost no food.


Message History

Casting: Sandblast
Confirm with . or Enter, or press ? or * to list all spells.
Aiming: Sandblast
Press: ? - help, Shift-Dir - straight line, f - giant gecko
Aim: a giant gecko (clinging)
The blast of sand misses the giant gecko.
The giant gecko misses you.
Casting: Sandblast
Confirm with . or Enter, or press ? or * to list all spells.
Aiming: Sandblast
Press: ? - help, Shift-Dir - straight line, f/p - giant gecko
Aim: a giant gecko (clinging)
The blast of sand hits the giant gecko.
You kill the giant gecko!
i - 3 fruits There isn't anything here!
Read which item? (? for menu, Esc to quit)
You can't read that!
Read which item? (? for menu, Esc to quit)
Are you sure you want to abandon this character and quit the game? (Confirm with "yes".)

............# #.#
............#####.####.
........................
..[.........###.#.##.#.
....######### #.#.# #
....# #.#.##.#
....######### #......#
##..........# #...####
#..........# #...##
##..........#
#..#.###....
............#
#.@..........
##..........#
#..#.##.....
............###..#.#
##..
..#####'###......#(. ..#
#.)...##...#.## ###
#..##.##...#.#
#.....##...#.#
##.#..###.##.# #....#
#.# . ##...###.##
+...........


There were no monsters in sight!

Vanquished Creatures
  2 giant geckos (D:1)
  A bat (D:1)
  2 giant cockroaches (D:1)
  A giant newt (D:1)
  3 goblins (D:1)
  A kobold (D:1)
  3 rats (D:1)
13 creatures vanquished.

Notes
Turn   | Place    | Note
--------------------------------------------------------------
     0 | D:1      | carlseen, the Spriggan Earth Elementalist, began the quest for the Orb.
     0 | D:1      | Reached XP level 1. HP: 9/9 MP: 4/4
   554 | D:1      | Reached XP level 2. HP: 8/13 MP: 3/7
   664 | D:1      | Quit the game

Action                   || total
-------------------------++-------
Melee: Unarmed           ||    19
 Cast: Sandblast         ||    22
